 Dungeon Crawl Stone Soup version 0.30-a0-1163-gf69bf04e7a (webtiles) character file.

Game seed: 11498830715223943182

235 sircluck the Covered (level 5, -3/47 HPs)
             Began as a Minotaur Fighter on Apr 28, 2023.
             Was an Initiate of Ashenzari.
             Killed from afar by Ijyb (23 damage)
             ... with a bolt of acid
             ... on level 4 of the Dungeon.
             The game lasted 00:04:15 (2105 turns).

sircluck the Covered (Minotaur Fighter)             Turns: 2105, Time: 00:04:16

Health: -3/47      AC:  0    Str: 23    XL:     5   Next: 76%
Magic:  4/4        EV:  9    Int:  5    God:    Ashenzari [......]
Gold:   95         SH:  4    Dex:  9    Spells: 4/4 levels left

rFire   . . .        a - +0 war axe
rCold   . . .        c - +0 buckler
rNeg    . . .        b - +0 scale mail
rPois   +            (helmet restricted)
rElec   .            (no cloak)
rCorr   .            (no gloves)
SInv    .            (no boots)
Will    .....        (no amulet) Stlth
                     n - ring of flight
HPRegen 0.27/turn    f - ring of poison resistance
MPRegen 0.09/turn

%: no passive effects
@: corroded, flying
A: horns 2, retaliatory headbutt
a: Renounce Religion


You were on level 4 of the Dungeon.
You worshipped Ashenzari.
Ashenzari was noncommittal.
You visited 2 branches of the dungeon, and saw 5 of its levels.

You collected 95 gold pieces.

Inventory:

Hand Weapons
 a - a +0 war axe (weapon)
Missiles
 h - 3 poisoned darts (quivered)
 q - 12 stones
Armour
 b - a +0 scale mail (worn)
 c - a +0 buckler (worn)
 l - the +0 leather armour of the Grand God {Str+4}
   (You found it on level 2 of the Dungeon)

   Str:       It affects your strength (+4).
Jewellery
 f - a ring of poison resistance (right hand)
 n - a ring of flight (left hand)
Scrolls
 e - 2 scrolls of teleportation {unknown}
 g - a scroll of silence {unknown}
 k - a scroll of immolation {unknown}
 m - a scroll of identify {unknown}
 r - a scroll of enchant armour {unknown}
 s - a scroll of vulnerability {unknown}
Potions
 d - a potion of might
 i - a potion of heal wounds {unknown}
 j - a potion of curing {unknown}
 o - a potion of resistance {unknown}
 p - a potion of invisibility {unknown}


   Skills:
 + Level 4.7 Fighting
 + Level 4.8 Axes
 + Level 5.3 Armour
 + Level 0.6 Dodging
 + Level 4.1 Shields


You had 4 spell levels left.
You didn't know any spells.
Your spell library contained the following spells:

 Spells                   Type           Power      Damage    Failure   Level
 Apportation              Tloc           0%         N/A       83%         1
 Necrotise                Necr           0%         1d4       83%         1
 Summon Small Mammal      Summ           0%         N/A       83%         1
 Scorch                   Fire           0%         2d5       93%         2
 Dazzling Flash           Conj/Hex       0%         N/A       99%         3
 Volatile Blastmotes      Fire/Tloc      0%         2d10      99%         3
 Flame Wave               Conj/Fire      0%         2d4       100%        4
 Iskenderun's Mystic Bla  Conj/Tloc      0%         2d3       100%        4
 Starburst                Conj/Fire      0%         6d3       100%        6
 Summon Cactus Giant      Summ           0%         N/A       100%        6


Dungeon Overview and Level Annotations

Branches:
Dungeon (4/15)             Temple (1/1) D:4

Altars:
Ashenzari
Cheibriados
Dithmenos
Elyvilon
Fedhas
Hepliaklqana
Kikubaaqudgha
Makhleb
Nemelex Xobeh
Okawaru
Qazlal
Ru
Sif Muna
Trog
Uskayaw
Wu Jian
Xom
Yredelemnul
The Shining One

Annotations:
D:4 Ijyb


Innate Abilities, Weirdness & Mutations

You have a pair of horns on your head.
You reflexively headbutt those who attack you in melee.


Message History

Ijyb is nearby!
Ijyb is nearby!
You barely miss Ijyb. Your headbutt misses Ijyb.
Ijyb zaps a wand.
The bolt of acid hits you! The acid corrodes you!
You closely miss Ijyb. You headbutt Ijyb, but do no damage.
You block Ijyb's attack.
You closely miss Ijyb. You block Ijyb's attack.
You barely miss Ijyb. Ijyb misses you. Ijyb hits you with a +0 dagger.
You hit Ijyb. You headbutt Ijyb, but do no damage.
Ijyb is lightly wounded.
Ijyb screams, "Die!"
You block Ijyb's attack.
You barely miss Ijyb. Your headbutt misses Ijyb.
Ijyb is lightly wounded.
Ijyb zaps a wand.
The bolt of acid misses you.
You hit Ijyb.
Ijyb is heavily wounded.
Ijyb zaps a wand.
The bolt of acid misses you.
You hit Ijyb. Your headbutt misses Ijyb.
Ijyb is severely wounded.
Ijyb hits you with a +0 dagger. Ijyb hits you but does no damage.
You hit Ijyb.
Ijyb is severely wounded.
Ijyb zaps a wand.
The bolt of acid misses you.
You hit Ijyb but do no damage. You headbutt Ijyb, but do no damage.
Ijyb is severely wounded.
Ijyb hits you but does no damage.
You closely miss Ijyb.
Ijyb is severely wounded.
Ijyb zaps a wand.
The bolt of acid hits you! The acid corrodes you!
Ijyb is nearby!
Ijyb is nearby!
Ijyb is nearby!
Ijyb is nearby!
Ijyb is nearby!
You hit Ijyb but do no damage.
Ijyb is severely wounded.
Ijyb screams, "Me stronger than you!" Ijyb hits you with a +0 dagger.
Ijyb zaps a wand.
The bolt of acid hits you!!
You die...

.#########
######........##### #
#....#.............
#...##....#.............
#.....g@..#.............
....#####'#.............
# #...................
#...................
#........<.....#####
#..............#....
#......#########....
########............
#.............


You could see Ijyb.

Vanquished Creatures
  A howler monkey (D:4)
  2 hounds (D:4)
  An orc priest (D:1)
  An orc wizard (D:2)
  2 worms (D:2)
  3 dart slugs
  7 orcs
  6 ball pythons
  7 endoplasms
  2 giant cockroaches (D:1)
  5 goblins
  4 hobgoblins
  4 jackals
  9 kobolds
  2 quokkas
  2 bats
  6 frilled lizards
  2 rats (D:2)
66 creatures vanquished.

Notes
Turn   | Place    | Note
-------+----------+-------------------------------------------
     0 | D:1      | sircluck the Minotaur Fighter began the quest for the Orb.
     0 | D:1      | Reached XP level 1. HP: 19/19 MP: 0/0
   120 | D:1      | Reached XP level 2. HP: 27/27 MP: 1/1
   245 | D:1      | Reached skill level 4 in Armour
   304 | D:1      | Reached XP level 3. HP: 19/33 MP: 2/2
   673 | D:1      | Reached XP level 4. HP: 39/40 MP: 3/3
   767 | D:2      | Identified the +0 leather armour of the Grand God {Str+4}
  1027 | D:2      | Reached skill level 5 in Armour
  1485 | D:2      | You are sucked into a shaft and drop 2 floors!
  1488 | D:4      | Found a staircase to the Ecumenical Temple.
  1504 | Temple   | Entered the Ecumenical Temple
  1832 | Temple   | Became a worshipper of Ashenzari the Shackled
  1888 | D:4      | Reached XP level 5. HP: 46/47 MP: 4/4
  2091 | D:4      | Noticed Ijyb
  2105 | D:4      | Killed from afar by Ijyb

Illustrated notes

Levels and vault maps discovered:
D:1:      minmay_arrival_glassed_features, layout_basic
D:2:      layout_basic
D:3:      layout_basic, st_stairs_5, uniq_grinder
D:4:      layout_gridville, minmay_temple_entry_sparse_star, uniq_ijyb
Temple:   compressed_dpeg_triangle_lava_temple

Skill      XL: |  1  2  3  4 |
---------------+-------------+-----
Fighting       | 4 |  4.7
Armour         | 4 5 |  5.3
Axes           | 3 4 |  4.8
Shields        | 4 |  4.1
Dodging        | |  0.6

Action                     |  1- 3 |  4- 6 || total
---------------------------+-------+-------++-------
  Melee: War axe           |    56 |    73 ||   129
         Headbutt          |     4 |    11 ||    15
  Throw: Dart              |     2 |       ||     2
 Armour: Scale mail        |    35 |    27 ||    62
  Dodge: Dodged            |    43 |    26 ||    69
  Block: Buckler           |    18 |    17 ||    35

Table legend: (Time is in decaauts)
 A = Elapsed time spent in this place.
 B = Non-inter-level travel time spent in this place.
 C = Inter-level travel time spent in this place.
 D = Time resting spent in this place.
 E = Time spent auto-exploring this place.
 F = Levels seen in this place.
 G = Mean time per level.
                   A        B        C        D        E       F      G
               +--------+--------+--------+--------+--------+-----+--------+
         Total |   2153 |   1954 |    199 |     87 |   1257 |   5 |  430.6 |
       Dungeon |   1811 |   1682 |    129 |     87 |   1015 |   4 |  452.8 |
        Temple |    341 |    271 |     70 |      0 |    242 |   1 |  341.0 |
               +--------+--------+--------+--------+--------+-----+--------+

Top non-repeatable levels by time:
     D:2: 779 daAuts
     D:1: 730 daAuts
  Temple: 341 daAuts
     D:4: 285 daAuts
     D:3: 16 daAuts
